 Dungeon Crawl Stone Soup version 0.31.0-9-g3a7656b989 (webtiles) character file.

Game seed: 2929659579515284502

12148 Bnni the Slicer (level 11, -18/55 (60) HPs)
             Began as a Vine Stalker Fighter on Jan 28, 2024.
             Was a Follower of Uskayaw.
             Shot with an arrow by a death knight (28 damage)
             ... on level 10 of the Dungeon.
             The game lasted 00:20:05 (8216 turns).

Bnni the Slicer (Vine Stalker Fighter)              Turns: 8216, Time: 00:20:06

HP:   -18/55 (60)   AC: 11    Str: 20    XL:     11   Next: 88%
MP:   0/18          EV: 16    Int:  8    God:    Uskayaw [*.....]
Gold: 991           SH:  6    Dex: 19    Spells: 1/10 levels left

rFire   . . .        u - +1 dagger (speed)
rCold   . . .        c - +0 buckler
rNeg    . . .        C - +0 swamp dragon scales
rPois   +            m - +0 helmet
rElec   .            B - +0 cloak
rCorr   .            k - +0 pair of gloves
SInv    .            (no boots)
Will    +....        r - amulet "Ivaemme" {Faith Dex+2}
Stlth   ++++         g - ring of wizardry
HPRegen 1.09/turn    a - +5 ring of evasion
MPRegen 0.16/turn

%: guardian spirit, faith, wizardry (x1)
@: drained
A: fangs 3, regeneration 1, magic shield, antimagic bite, no potion heal 2
a: Renounce Religion, Stomp


You were on level 10 of the Dungeon.
You worshipped Uskayaw.
Uskayaw was aware of your devotion.
You visited 1 branch of the dungeon, and saw 10 of its levels.
You also visited: Ossuary.

You collected 1017 gold pieces.
You spent 26 gold pieces at shops.

Inventory:

Hand Weapons
 s - a +2 dagger of draining
 u - a +1 dagger of speed (weapon)
 z - a +2 dagger of venom
Missiles
 f - 4 curare-tipped darts (quivered)
Armour
 c - a +0 buckler (worn)
 k - a +0 pair of gloves (worn)
 m - a +0 helmet (worn)
 B - a +0 cloak (worn)
 C - +0 swamp dragon scales (worn)
Jewellery
 a - a +5 ring of evasion (right hand)
 g - a ring of wizardry (left hand)
 r - the amulet "Ivaemme" (around neck) {Faith Dex+2}
   (You found it on level 6 of the Dungeon)

   [amulet of faith]

   Faith:     It allows you to gain divine favour quickly.
   Dex+2:     It affects your dexterity (+2).
Wands
 p - a wand of quicksilver (11)
Scrolls
 e - 3 scrolls of blinking
 i - a scroll of amnesia
 j - 2 scrolls of teleportation
 n - 4 scrolls of fog {unknown}
 q - 2 scrolls of fear
 t - 3 scrolls of vulnerability {unknown}
 w - a scroll of immolation
 y - 3 scrolls of enchant weapon {unknown}
Potions
 b - 4 potions of berserk rage
 h - 4 potions of curing
 l - 3 potions of haste
 o - a potion of magic {unknown}
 v - 2 potions of resistance
 x - a potion of mutation {unknown}
 A - 2 potions of cancellation {unknown}


   Skills:
 + Level 8.2 Fighting
 - Level 10.0 Short Blades
 + Level 3.7 Armour
 + Level 2.4 Dodging
 + Level 9.9 Stealth
 - Level 4.0 Shields
 + Level 0.0 Translocations
 * Level 8.6 Invocations


You had one spell level left.
You knew the following spells:

 Your Spells              Type           Power      Damage    Failure   Level
a - Lesser Beckoning      Tloc           0%         N/A       45%         2
b - Blink                 Tloc           0%         N/A       45%         2
d - Vhi's Electric Charg  Tloc/Air       0%         N/A       96%         4
z - Apportation           Tloc           0%         N/A       32%         1

Your spell library contained the following spells:

 Spells                   Type           Power      Damage    Failure   Level
 Magic Dart               Conj           0%         1d3       32%         1
 Slow                     Hex            0%         N/A       32%         1
 Summon Small Mammal      Summ           0%         N/A       32%         1
 Jinxbite                 Hex            0%         N/A       45%         2
 Momentum Strike          Conj/Tloc      0%         3d8       45%         2
 Searing Ray              Conj           0%         2d4       45%         2
 Call Canine Familiar     Summ           0%         N/A       69%         3
 Confusing Touch          Hex            0%         N/A       69%         3
 Sigil of Binding         Hex            0%         N/A       69%         3
 Summon Ice Beast         Ice/Summ       0%         N/A       69%         3
 Vampiric Draining        Necr           0%         2d6       69%         3
 Fulminant Prism          Conj/Alch      0%         3d5       96%         4
 Summon Blazeheart Golem  Fire/Summ      0%         N/A       96%         4
 Alistair's Intoxication  Alch           0%         N/A       100%        5
 Arcjolt                  Conj/Air       0%         1d10      100%        5
 Summon Mana Viper        Hex/Summ       0%         N/A       100%        5
 Plasma Beam              Fire/Air       0%         2x1d10    100%        6
 Malign Gateway           Summ/Tloc      0%         N/A       100%        7
 Monstrous Menagerie      Summ           0%         N/A       100%        7
 Orb of Destruction       Conj           0%         9d5       100%        7
 Spellforged Servitor     Conj/Summ      0%         N/A       100%        7
 Summon Horrible Things   Summ           0%         N/A       100%        8


Dungeon Overview and Level Annotations

Branches:
Dungeon (10/15)            Temple (0/1) D:7            Lair (0/5) D:10
Ossuary (visited)
    Orc: D:9-12

Altars:
Dithmenos
Fedhas
Makhleb
Qazlal
Ru
Trog
Uskayaw
Yredelemnul
The Shining One

Shops:
D:4 :   D:6 *


Innate Abilities, Weirdness & Mutations

You have razor-sharp teeth.
Your natural rate of healing is unusually fast.
When hurt, damage is shared between your health and your magic reserves.
Your bite disrupts and absorbs the magic of your enemies.
Potions cannot restore your health.


Message History

Aim: a gargoyle, wielding a +0 mace The gargoyle explodes violently!!
You blow up the gargoyle!
You now have 991 gold pieces (gained 3).
An orc knight comes into view.
It is wielding a +2 dire flail of draining.
The orc knight hits you with a +2 dire flail of draining.
* * * LOW HITPOINT WARNING * * *
You feel drained.
Things that are here:
a +0 giant club; a +0 giant spiked club Throw: 6 darts (curare)
Press: ? - help, Shift-Dir - straight line, f - orc knight
Aim: an orc knight, wielding a +2 dire flail of draining and wearing a +0 chain mail (60% to hit)
You throw a curare-tipped dart.
The curare-tipped dart hits the orc knight.
The orc knight is poisoned.
The orc knight struggles to breathe.
The orc knight seems to slow down.
The orc knight is lightly wounded.
The orc knight hits you with a +2 dire flail of draining!
* * * LOW HITPOINT WARNING * * *
You feel drained.
* * * LOW HITPOINT WARNING * * *
You see here a yak corpse.
A death knight comes into view. It is wielding a +0 great mace.
The death knight shouts!
You hear a shout! x3
Throw: 5 darts (curare)
Press: ? - help, Shift-Dir - straight line, f - death knight
Aim: a death knight, wielding a +0 great mace, wearing a +0 chain mail and wearing a ring of protection from fire (63% to hit)
You throw a curare-tipped dart.
The curare-tipped dart hits the death knight.
The death knight is poisoned.
The death knight struggles to breathe.
The death knight seems to slow down.
The death knight is lightly wounded.
The death knight calls down the wrath of Yredelemnul upon you.
You resist with significant effort.
The death knight unwields a +0 great mace.
The death knight wields a +0 shortbow.
The death knight shoots an arrow.
The arrow hits you!!
Ouch! That really hurt!
You die...

.<....# ## .# #.....#
.## . # #.#...#
..#.#. #.#...###)##..
#.#..p##.##.#
#.#...##†#o##
#######....#.o#).)#
.<.........#..#..#.#
#######....#@##.#...#
#....##.##...##
#########...#.#.#
###..
............##.#. ###
#####.....# #.##
#..##..# #. # ###.##
.## # #...# .## #
##.####....


You could see a death knight (very poisoned, slow) and an orc knight (poisoned,
slow).

Vanquished Creatures
  Gastronok (D:9)
  2 two-headed ogres
  A tengu warrior (D:9)
  A skeletal warrior (D:9)
  2 deep elf pyromancers (D:9)
  2 manticores (D:9)
  An ugly thing (D:9)
  A gargoyle (D:10)
  Maggie (D:8)
  An efreet (D:8)
  Psyche (D:8)
  A troll (D:7)
  A hornet (D:9)
  Prince Ribbit (D:8)
  A wyvern (D:7)
  3 yaks
  A wraith (D:10)
  3 steam dragons
  An acid dragon (D:8)
  4 water moccasins
  2 sky beasts
  2 black bears
  4 orc warriors
  2 centaurs
  3 ogres
  A kobold brigand (D:8)
  2 elf zombies (Ossuary)
  4 bullfrogs
  2 scorpions (D:4)
  6 wights
  2 burial acolytes (Ossuary)
  7 killer bees
  An electric eel (D:6)
  2 howler monkeys
  A centaur zombie (Ossuary)
  2 hounds
  2 gnoll boudas
  8 orc priests
  3 iguanas
  2 sleepcaps
  8 orc wizards
  3 mummies
  Robin (D:2)
  10 adders
  6 gnolls
  2 shadow imps (D:6)
  A white imp (D:8)
  An ufetubus (D:6)
  3 dart slugs
  3 ribbon worms (D:3)
  36 orcs
  10 ball pythons
  4 bats
  9 endoplasms
  A giant cockroach (D:1)
  11 goblins
  12 hobgoblins
  A jackal (D:3)
  4 kobolds
  2 quokkas
  4 frilled lizards
  A kobold zombie (Ossuary)
  An orc zombie (Ossuary)
  6 rats
228 creatures vanquished.

Vanquished Creatures (others)
  An arcanist (D:9)
  A bullfrog (D:6)
  An ufetubus (D:6)
  An orc (D:6)
4 creatures vanquished.

Grand Total: 232 creatures vanquished

Notes
Turn   | Place    | Note
-------+----------+-------------------------------------------
     0 | D:1      | Bnni the Vine Stalker Fighter began the quest for the Orb.
     0 | D:1      | Reached XP level 1. HP: 11/11 MP: 2/2
    37 | D:1      | Reached skill level 2 in Short Blades
    43 | D:1      | Reached XP level 2. HP: 15/16 MP: 1/3
   311 | D:1      | Found a faded altar of an unknown god.
   372 | D:1      | You fall into a shaft and drop 1 floor!
   409 | D:2      | Noticed Robin
   429 | D:2      | Killed Robin
   430 | D:2      | Reached XP level 3. HP: 5/20 MP: 0/4
   638 | D:2      | Reached XP level 4. HP: 21/24 MP: 2/5
   842 | D:2      | Reached skill level 3 in Short Blades
  1623 | D:3      | Reached XP level 5. HP: 23/28 MP: 4/6
  1839 | D:3      | Found a sacrificial altar of Ru.
  1955 | D:3      | Found a shadowy altar of Dithmenos.
  2489 | D:4      | Reached skill level 4 in Short Blades
  2489 | D:4      | Reached XP level 6. HP: 33/33 MP: 7/7
  2490 | D:4      | Found Patieza's Self-Published Books.
  2665 | D:4      | Reached skill level 1 in Stealth
  2757 | D:4      | Reached XP level 7. HP: 23/37 MP: 5/8
  3195 | D:5      | Entered Level 5 of the Dungeon
  3242 | D:5      | Reached skill level 5 in Short Blades
  3675 | D:5      | Found a burning altar of Makhleb.
  3781 | D:5      | Found a glowing golden altar of the Shining One.
  3786 | D:5      | Gained mutation: You have razor-sharp teeth. [Vine Stalker
                  | growth]
  3786 | D:5      | Reached XP level 8. HP: 42/42 MP: 9/9
  3787 | D:5      | Noticed an angel
  3792 | D:5      | Found a basalt altar of Yredelemnul.
  3794 | D:5      | Noticed a profane servitor
  3868 | D:6      | Reached skill level 6 in Short Blades
  3931 | D:6      | Reached skill level 5 in Fighting
  3946 | D:6      | Found Jyat's General Store.
  3954 | D:6      | Bought a scroll of identify for 26 gold pieces
  4068 | D:6      | Identified the amulet "Ivaemme" {Faith Dex+2}
  4389 | D:6      | Reached skill level 5 in Stealth
  4498 | D:6      | Reached skill level 7 in Short Blades
  4623 | D:6      | Reached XP level 9. HP: 48/48 MP: 10/10
  4893 | D:7      | Found a hide-covered altar of Uskayaw.
  4901 | D:7      | Became a worshipper of Uskayaw the Reveller
  4934 | D:7      | Reached * piety under Uskayaw
  4937 | D:7      | Reached skill level 1 in Invocations
  4965 | D:7      | Reached ** piety under Uskayaw
  5002 | D:7      | Found a sand-covered staircase.
  5010 | D:7      | Identified the +11 mace "Etistroi" {heavy, rPois rN+ Str-3}
  5014 | Ossuary  | Entered an ossuary
  5014 | Ossuary  | Found a huge runed translucent gate.
  5014 | Ossuary  | Found a huge runed translucent gate.
  5014 | Ossuary  | Found a huge runed translucent gate.
  5014 | Ossuary  | Found a huge runed translucent gate.
  5014 | Ossuary  | Found a huge runed translucent gate.
  5014 | Ossuary  | Found a huge runed translucent gate.
  5014 | Ossuary  | Found a huge runed translucent gate.
  5014 | Ossuary  | Found a huge runed translucent gate.
  5014 | Ossuary  | Found a huge runed translucent gate.
  5015 | Ossuary  | Found a huge runed translucent gate.
  5015 | Ossuary  | Found a huge runed translucent gate.
  5016 | Ossuary  | Found a huge runed translucent gate.
  5016 | Ossuary  | Found a huge runed translucent gate.
  5018 | Ossuary  | Found a huge runed translucent gate.
  5018 | Ossuary  | Found a huge runed translucent gate.
  5037 | Ossuary  | Reached *** piety under Uskayaw
  5039 | Ossuary  | Reached **** piety under Uskayaw
  5040 | Ossuary  | Found a huge runed translucent gate.
  5040 | Ossuary  | Found a huge runed translucent gate.
  5040 | Ossuary  | Found a huge runed translucent gate.
  5040 | Ossuary  | Found a huge runed translucent gate.
  5041 | Ossuary  | Found a huge runed translucent gate.
  5041 | Ossuary  | Found a huge runed translucent gate.
  5041 | Ossuary  | Found a huge runed translucent gate.
  5043 | Ossuary  | Found a huge runed translucent gate.
  5043 | Ossuary  | Found a huge runed translucent gate.
  5044 | Ossuary  | Found a huge runed translucent gate.
  5044 | Ossuary  | Found a huge runed translucent gate.
  5045 | Ossuary  | Found a huge runed translucent gate.
  5045 | Ossuary  | Found a huge runed translucent gate.
  5047 | Ossuary  | Found a huge runed translucent gate.
  5047 | Ossuary  | Found a huge runed translucent gate.
  5073 | Ossuary  | Found a huge runed translucent gate.
  5073 | Ossuary  | Found a huge runed translucent gate.
  5073 | Ossuary  | Found a huge runed translucent gate.
  5073 | Ossuary  | Found a huge runed translucent gate.
  5073 | Ossuary  | Found a huge runed translucent gate.
  5108 | Ossuary  | Reached ***** piety under Uskayaw
  5170 | D:7      | Found a staircase to the Ecumenical Temple.
  5219 | D:7      | Reached skill level 8 in Short Blades
  5349 | D:7      | Noticed a troll
  5360 | D:7      | Killed a troll
  5916 | D:8      | Noticed Maggie
  5928 | D:8      | Killed Maggie
  5929 | D:8      | Reached XP level 10. HP: 45/53 MP: 6/14
  6034 | D:8      | Noticed Psyche
  6036 | D:8      | Killed Psyche
  6255 | D:8      | Reached skill level 9 in Short Blades
  6267 | D:8      | Reached ****** piety under Uskayaw
  6271 | D:8      | Reached skill level 5 in Invocations
  6487 | D:8      | Learned a level 1 spell: Apportation
  6490 | D:8      | Learned a level 2 spell: Blink
  6493 | D:8      | Learned a level 2 spell: Lesser Beckoning
  6813 | D:8      | Noticed Prince Ribbit
  6815 | D:8      | Killed Prince Ribbit
  7032 | D:9      | Found a blossoming altar of Fedhas.
  7090 | D:9      | Noticed Gastronok
  7124 | D:9      | Killed Gastronok
  7208 | D:9      | Reached XP level 11. HP: 52/58 MP: 15/17
  7372 | D:9      | Noticed a deep elf pyromancer
  7375 | D:9      | Killed a deep elf pyromancer
  7376 | D:9      | Reached skill level 10 in Short Blades
  7377 | D:9      | Noticed a red ugly thing
  7379 | D:9      | Noticed a cyclops
  7457 | D:9      | Found a bloodstained altar of Trog.
  7460 | D:9      | Noticed a wizard
  7466 | D:9      | Killed a wizard
  7647 | D:9      | Noticed a two-headed ogre
  7654 | D:9      | Killed a two-headed ogre
  7676 | D:9      | Found a stormy altar of Qazlal.
  7898 | D:9      | Noticed a manticore
  7903 | D:9      | Noticed a cyan ugly thing
  7908 | D:9      | Killed a cyan ugly thing
  7909 | D:9      | Reached skill level 1 in Dodging
  7909 | D:9      | Killed a manticore
  7925 | D:9      | Learned a level 4 spell: Vhi's Electric Charge
  7930 | D:9      | Noticed a tengu warrior
  7933 | D:9      | Killed a tengu warrior
  7948 | D:9      | Noticed a manticore
  7955 | D:9      | Killed a manticore
  7960 | D:9      | Noticed a skeletal warrior
  7967 | D:9      | Killed a skeletal warrior
  7971 | D:9      | Noticed a deep elf pyromancer
  7974 | D:9      | Killed a deep elf pyromancer
  8092 | D:10     | Entered Level 10 of the Dungeon
  8094 | D:10     | Found a staircase to the Lair.
  8149 | D:10     | Noticed a two-headed ogre
  8192 | D:10     | Killed a two-headed ogre
  8208 | D:10     | Noticed an orc knight
  8213 | D:10     | Noticed a death knight
  8216 | D:10     | Shot with an arrow by a death knight

Illustrated notes

Levels and vault maps discovered:
D:1:      amcnicky_arrival_choice, layout_rooms,
          shapermc_ecumenical_altar_mp_urbaneastern, minmay_tetromino_o2
D:2:      layout_basic, uniq_robin
D:3:      kb_forest_paths, layout_basic, grunt_dithmenos_smoke_and_mirrors,
          nicolae_ru_great_annihilating_truth, minmay_close_crescents
D:4:      layout_basic, nicolae_custom_books, minmay_tree_intersection
D:5:      layout_basic, grunt_temple_overflow_holy_war, kennysheep_mini_moat,
          nicolae_letterblocks [nicolae_letter_subblock,
          nicolae_letter_subblock, nicolae_letter_subblock,
          nicolae_letter_subblock, nicolae_letter_subblock,
          nicolae_letter_subblock, nicolae_letter_subblock,
          nicolae_letter_subblock, nicolae_letter_subblock,
          nicolae_letter_subblock, nicolae_letter_subblock,
          nicolae_letter_subblock, nicolae_letter_subblock,
          nicolae_letter_subblock, nicolae_letter_subblock,
          nicolae_letter_subblock, nicolae_letter_subblock,
          nicolae_letter_subblock, nicolae_letter_subblock,
          nicolae_letter_subblock, nicolae_letter_subblock,
          nicolae_letter_subblock, nicolae_letter_subblock,
          nicolae_letter_subblock, nicolae_letter_subblock]
D:6:      nicolae_cairo_tiling, layout_basic, serial_shops, shop,
          kennysheep_potato
D:7:      layout_basic, mainiacjoe_overflow_surrounded_room,
          minmay_temple_entry_waves, gup_ossuary_entry_pyramid,
          nicolae_nh_ransacked_shop
D:8:      minmay_bloctagon, layout_basic, uniq_prince_ribbit1, uniq_maggie,
          uniq_psyche
D:9:      layout_irregular_city, trog_wizard, nicolae_qazlal_style_of_elements,
          mainiacjoe_overflow_alcove_4, serial_rivers,
          chequers_serial_rivers_small_3, chequers_serial_rivers_room_a,
          chequers_serial_rivers_room_b, chequers_serial_rivers_small_b,
          dreamdust_wishing_well, minmay_evil_grid, uniq_gastronok
D:10:     minmay_ornate_pinched, layout_rooms,
          mainiacjoe_overflow_cross_hatched, lair_entry_dummy,
          grunt_ministairs_10, uniq_sonja

Skill      XL: |  1  2  3  4  5  6  7  8  9 10 11 |
---------------+----------------------------------+-----
Short Blades   | 2 3 4 5 7 8 9 10 | 10.0
Shields        | 3 4 |  4.0
Fighting       | 3 4 5 6 7 8 |  8.2
Stealth        | 1 3 5 7 8 9 |  9.9
Invocations    | 4 6 8 |  8.6
Dodging        | 2 |  2.4
Armour         | 3 |  3.7

Action                     |  1- 3 |  4- 6 |  7- 9 | 10-12 || total
---------------------------+-------+-------+-------+-------++-------
  Melee: Rapier            |    99 |       |       |       ||    99
         Bite              |    27 |    70 |   163 |   130 ||   390
         Short sword       |       |   208 |   169 |       ||   377
         Dagger            |       |       |   280 |   307 ||   587
  Throw: Dart              |       |       |     1 |     6 ||     7
 Invoke: Line Pass         |       |       |     1 |     4 ||     5
         Grand Finale      |       |       |       |     2 ||     2
    Use: Scroll            |       |       |     7 |     6 ||    13
         Potion            |       |       |       |     1 ||     1
   Stab: Paralysed         |       |     1 |    10 |    17 ||    28
         Confused          |       |       |     1 |     2 ||     3
         Sleeping          |       |       |       |     9 ||     9
         Distracted        |       |       |       |     1 ||     1
 Armour: Scale mail        |    60 |       |       |       ||    60
         Chain mail        |       |   111 |    24 |       ||   135
         Plate armour      |       |       |   156 |       ||   156
         Swamp dragon scal |       |       |       |    97 ||    97
  Dodge: Dodged            |    30 |    65 |    92 |    86 ||   273
  Block: Buckler           |    34 |    31 |    74 |    38 ||   177
